 Dungeon Crawl Stone Soup version 0.24.0-123-gd5b16e6ec5 (webtiles) character file.

Game seed: 4712694612715329655, levelgen mode: deterministic

140964 porphory the Impaler (level 17, -1/189 HPs)
             Began as a Merfolk Gladiator on Jan 20, 2020.
             Was the Champion of Hepliaklqana.
             Killed from afar by Aizul (3 damage)
             ... with a bolt of poison
             ... on level 3 of the Snake Pit.
             The game lasted 01:32:29 (32036 turns).

porphory the Impaler (Merfolk Gladiator)           Turns: 32036, Time: 01:32:30

Health: -1/189     AC: 32    Str: 28    XL:     17   Next: 32%
Magic:  20/20      EV:  7    Int: 12    God:    Hepliaklqana [******]
Gold:   684        SH: 25    Dex: 22    Spells: 16/16 levels left

rFire    + . .     SeeInvis .   X - +5 demon trident (venom)
rCold    + . .     Gourm    .   Y - +0 large shield
rNeg     . . .     Faith    .   P - +1 gold dragon scales
rPois    +         Spirit   .   Q - +0 helmet {Int+3}
rElec    .         Reflect  +   L - +2 cloak "Qiffea" {Regen+ Int+2 Dex+2}
rCorr    .         Harm     .   T - +0 pair of gloves
MR       +....                  A - +0 pair of boots of Hadjma {Str+3}
Stlth    ..........             R - amulet of Efapuott {Reflect Dex+3 SH+3}
HPRegen  0.81/turn              W - +4 ring of slaying
MPRegen  0.17/turn              C - +3 ring of protection

@: berserking, lethally poisoned (-1 -> -18), very quick
A: change form in water, swift swim, stealthy swim, reduced essence
a: Recall Ancestor, Ancestor Identity, Transference, Idealise, Renounce Religion


You were on level 3 of the Snake Pit.
You worshipped Hepliaklqana.
Hepliaklqana was exalted by your worship.
You were not hungry.

You visited 5 branches of the dungeon, and saw 27 of its levels.
You also visited: Ossuary.

You collected 2585 gold pieces.
You spent 1901 gold pieces at shops.

Inventory:

Hand Weapons
 O - a +2 hand axe of flaming
 X - a +5 demon trident of venom (weapon)
Missiles
 d - 5 throwing nets
 e - 10 boomerangs (quivered)
 k - 38 poisoned darts
 K - 7 javelins
Armour
 A - the +0 pair of boots of Hadjma (worn) {Str+3}
   (You found it on level 6 of the Dungeon)

   It affects your strength (+3).
 D - the +8 ring mail of Starshine {Regen+ Int-3 Dex+3 Slay+3}
   (You found it on level 1 of the Snake Pit)

   It affects your intelligence (-3).
   It affects your dexterity (+3).
   It affects your accuracy and damage with ranged weapons and melee attacks
   (+3).
   It increases your rate of regeneration.
 I - a scarf of resistance
 L - the +2 cloak "Qiffea" (worn) {Regen+ Int+2 Dex+2}
   (You found it on level 15 of the Dungeon)

   It affects your intelligence (+2).
   It affects your dexterity (+2).
   It increases your rate of regeneration.
 P - +1 gold dragon scales (worn)
 Q - a +0 helmet of intelligence (worn)
 T - a +0 pair of gloves (worn)
 Y - a +0 large shield (worn)
Jewellery
 j - an uncursed ring of ice
 C - a +3 ring of protection (right hand)
 H - an uncursed ring of positive energy
 R - the amulet of Efapuott (around neck) {Reflect Dex+3 SH+3}
   (You bought it in a shop on level 2 of the Snake Pit)

   [amulet of reflection]

   It shields you and reflects attacks.
   It affects your dexterity (+3).
   It affects your SH (+3).
 W - a +4 ring of slaying (left hand)
Wands
 r - a wand of enslavement (3)
 B - a wand of scattershot (11)
 E - a wand of digging (7)
 F - a wand of clouds (3)
 J - a wand of paralysis (12)
 V - a wand of acid (6)
Scrolls
 h - 22 scrolls of remove curse
 i - 5 scrolls of fear
 o - 18 scrolls of teleportation
 q - 6 scrolls of fog
 v - a scroll of magic mapping
 w - 2 scrolls of blinking
 y - 3 scrolls of amnesia
 S - 3 scrolls of identify
Potions
 a - 2 potions of ambrosia {unknown}
 c - a potion of mutation
 g - 2 potions of might
 l - 5 potions of lignification
 m - 10 potions of heal wounds
 n - 8 potions of curing
 p - 8 potions of haste
 s - 3 potions of cancellation
 t - 4 potions of brilliance
 u - 5 potions of agility
 x - 4 potions of flight
 G - 2 potions of magic
 Z - 2 potions of resistance
Miscellaneous
 z - a lightning rod (4/4)
Comestibles
 b - 4 chunks of flesh
 f - 49 rations


   Skills:
 + Level 14.4 Fighting
 + Level 17.8 Polearms
 + Level 6.6 Throwing
 * Level 14.0 Armour
 - Level 4.0 Dodging
 + Level 14.1 Shields
 - Level 5.1 Invocations
 + Level 0.9 Evocations


You had 16 spell levels left.
You didn't know any spells.
Your spell library contained the following spells:

 Spells                   Type           Power        Failure   Level  Hunger
 Animate Skeleton         Necr           N/A          100%        1    ##.....
 Apportation              Tloc           #.....       100%        1    ##.....
 Confusing Touch          Hex            #.....       100%        1    ##.....
 Flame Tongue             Conj/Fire      #....        100%        1    ##.....
 Magic Dart               Conj           #...         100%        1    ##.....
 Summon Small Mammal      Summ           #...         100%        1    ##.....
 Blink                    Tloc           N/A          100%        2    ###....
 Call Imp                 Summ           #.......     100%        2    ###....
 Corpse Rot               Necr           N/A          100%        2    ###....
 Slow                     Hex            #.......     100%        2    ###....
 Sublimation of Blood     Necr           #.........   100%        2    ###....
 Throw Flame              Conj/Fire      #.....       100%        2    ###....
 Conjure Flame            Conj/Fire      #.......     100%        3    ####...
 Ignite Poison            Fire/Tmut/Pois #.......     100%        3    ####...
 Inner Flame              Hex/Fire       #.......     100%        3    ####...
 Mephitic Cloud           Conj/Pois/Air  #.......     100%        3    ####...
 Petrify                  Tmut/Erth      #.......     100%        4    #####..
 Sticky Flame             Conj/Fire      #.......     100%        4    #####..
 Agony                    Necr           #.......     100%        5    ######.
 Alistair's Intoxication  Tmut/Pois      #.......     100%        5    ######.
 Bolt of Draining         Conj/Necr      #.........   100%        5    ######.
 Dispel Undead            Necr           #.......     100%        5    ######.
 Excruciating Wounds      Chrm/Necr      #.........   100%        5    ######.
 Fireball                 Conj/Fire      #.........   100%        5    ######.
 Irradiate                Conj/Tmut      #.........   100%        5    ######.


Dungeon Overview and Level Annotations

Branches:
Dungeon (15/15)            Temple (1/1) D:5            Lair (6/6) D:11
 Shoals (0/4) Lair:4        Snake (3/4) Lair:4        Slime (0/5) Lair:6
    Orc (2/2) D:9             Elf (0/3) Orc:2        Vaults (0/5) D:13
 Depths (0/5) D:15        Ossuary (visited)

Altars:
Ashenzari
Cheibriados
Dithmenos
Elyvilon
Fedhas
Gozag
Hepliaklqana
Kikubaaqudgha
Makhleb
Nemelex Xobeh
Okawaru
Qazlal
Ru
Sif Muna
Trog
Vehumet
Wu Jian
Xom
Yredelemnul
Zin
The Shining One
Beogh

Shops:
D:5 *   D:7 *   D:9 [   D:11 (   D:15 ?=[!   Orc:2 ?:(!   Snake:2 }}=

Annotations:
D:3 exclusion: downstairs
D:8 exclusion: 2 doors
D:9 exclusion: downstairs
D:12 exclusion: 2 downstairs
D:13 exclusion: downstairs
D:14 exclusion: downstairs
D:15 Xiestris's ghost, journeyman DsGl
Lair:1 exclusion: downstairs
Snake:2 2 transporters, Zainuiha's ghost, adept MiFi
Snake:3 Aizul


Message History

You feel sick. You block Aizul's attack.
You puncture the shock serpent!
The shock serpent is poisoned.
The shock serpent is severely wounded.
The shock serpent's electric aura discharges, shocking you!
* * * LOW HITPOINT WARNING * * *
You feel sick.
The shock serpent shoots out a bolt of lightning at you!
The bolt of electricity hits you.
* * * LOW HITPOINT WARNING * * *
You are too berserk!
You are too berserk!
You puncture the shock serpent!
The shock serpent looks as sick as possible!
The shock serpent is almost dead.
The shock serpent's electric aura discharges, shocking you!
* * * LOW HITPOINT WARNING * * *
x2 You feel sick.
Aizul coils herself and waves her upper body at you.
The bolt of poison hits you. You resist.
You die...

#... #># .# ##...####..#
#.. #..........# #...
#..........#
..##..........#
......#......# . ##...#
#รท....#
..##.##....####R...#
#..#..)...@##.S#)...#
##.#.......SSR##..##..#
.# ##...............#.S#
... .
##.......####......##..
.. ##.......###..#.....#
.....
#........#.)...#.....#
...
###..........####.####.#
... ..##.....##.## #..
## ...##.......# .. ##.#


You could see the friendly Tertia the hexer, Aizul and a shock serpent.

Vanquished Creatures
  2 nagarajas
  2 stone giants
  3 ettins
  Fannar (D:11)
  4 vault guards
  8 hydras
  Erolcha (Orc:2)
  3 naga warriors
  A catoblepas (D:13)
  Erica (D:8)
  10 two-headed ogres
  3 ogre magi
  10 anacondas
  A centaur warrior (D:13)
  3 tengu warriors (D:15)
  13 death yaks
  2 naga sharpshooters (Snake:2)
  4 shock serpents
  An orc high priest (Orc:1)
  A deep elf knight (D:15)
  A deep troll (D:15)
  3 unseen horrors
  2 orc knights
  A wizard (D:14)
  A wolf spider (Lair:6)
  3 deep elf magi
  2 mana vipers
  An oklob plant (D:13)
  A manticore (D:13)
  6 ugly things
  6 slime creatures
  5 orc sorcerers
  4 salamanders
  4 cyclopes
  9 elephants
  6 guardian serpents
  8 naga magi
  3 gargoyles
  2 torpor snails (Lair:6)
  10 spiny frogs
  16 black mambas
  A freezing wraith (D:14)
  A rime drake (Lair:6)
  9 komodo dragons
  An efreet (D:15)
  5 trolls
  A wind drake (Orc:2)
  14 blink frogs
  4 hornets
  5 hippogriffs
  11 dream sheep
  2 redbacks (Lair:6)
  58 yaks
  A wraith (D:13)
  6 hogs
  10 wyverns
  3 vampire mosquitoes (D:12)
  3 hungry ghosts
  4 wargs
  A soldier ant (D:15)
  19 nagas
  A soldier ant (shapeshifter) (D:15)
  13 porcupines
  19 water moccasins
  An acid dragon (D:14)
  3 sky beasts
  15 orc warriors
  An ice beast (D:13)
  4 phantoms
  A black bear (D:7)
  An eye of draining (D:10)
  5 wolves (Lair:1)
  11 ogres
  3 boggarts (D:15)
  18 crocodiles
  8 centaurs
  Blork the orc (D:5)
  2 big kobolds (D:8)
  16 bullfrogs
  A wyvern skeleton (D:13)
  3 water moccasin zombies
  4 scorpions
  2 hexers
  2 killer bees (D:10)
  3 wights
  An electric eel (Lair:2)
  2 howler monkeys
  5 crimson imps
  4 centaur zombies
  A quasit (D:11)
  5 hounds
  20 orc priests
  A bullfrog zombie (D:6)
  Crazy Yiuf (D:7)
  9 jellies
  24 orc wizards
  4 bullfrog skeletons
  6 iguanas
  6 worker ants
  6 big kobold zombies (Ossuary)
  A hound zombie (D:6)
  2 mummies (Ossuary)
  A worker ant zombie (D:6)
  17 adders
  A shadow imp (D:13)
  4 oozes
  6 adder zombies
  2 adder skeletons
  4 worms
  63 orcs
  8 giant cockroaches
  4 gnoll zombies (Ossuary)
  7 goblins
  7 hobgoblins
  8 jackals
  6 kobolds
  5 quokkas
  A ball python (Snake:2)
  4 bats
  5 frilled lizards
  6 hobgoblin zombies (Ossuary)
  2 jackal zombies
  9 kobold zombies (Ossuary)
  4 orc zombies (Ossuary)
  23 rats
  A fungus (D:11)
761 creatures vanquished.

Vanquished Creatures (collateral kills)
  2 hydras
  2 centaur warriors
  An anaconda (Snake:2)
  An ogre mage (Orc:2)
  3 death yaks
  A shock serpent (Snake:1)
  A naga sharpshooter (Snake:1)
  Nergalle (Orc:2)
  A mana viper (Snake:2)
  2 orc sorcerers (Orc:2)
  An ugly thing (D:12)
  A salamander (Snake:2)
  A centaur zombie (D:13)
  2 elephants
  3 black mambas
  2 spiny frogs
  A gargoyle (D:14)
  3 komodo dragons
  A tengu conjurer (D:15)
  2 trolls
  A slime creature (D:13)
  2 blink frogs
  A hippogriff (Lair:4)
  10 yaks
  A warg (D:9)
  2 nagas
  4 water moccasins
  A porcupine (Lair:1)
  A sky beast (D:13)
  6 orc warriors
  A phantom (D:11)
  3 ogres
  2 boggarts (D:15)
  3 crocodiles
  2 bullfrogs
  5 wights
  A killer bee (D:10)
  A hound (D:13)
  7 orc wizards
  A worker ant (D:14)
  A worker ant zombie (D:11)
  A shadow imp (D:13)
  An ooze (Lair:6)
  A leopard gecko (D:11)
  12 orcs
  2 jackals (D:7)
  A quokka (D:9)
106 creatures vanquished.

Vanquished Creatures (others)
  Kirke (D:13)
  A blink frog (Lair:6)
  34 hexers
  An orc wizard (Orc:2)
  3 ancestors
  An orc (Orc:1)
  3 fungi
  10 plants
54 creatures vanquished.

Grand Total: 921 creatures vanquished

Notes
Turn   | Place    | Note
-------+----------+-------------------------------------------
     0 | D:1      | porphory the Merfolk Gladiator began the quest for the Orb.
     0 | D:1      | Reached XP level 1. HP: 16/16 MP: 1/1
   404 | D:1      | Reached XP level 2. HP: 23/23 MP: 2/2
   920 | D:2      | Reached skill level 5 in Polearms
   935 | D:2      | Reached XP level 3. HP: 28/28 MP: 3/3
  1549 | D:3      | Reached XP level 4. HP: 14/34 MP: 4/4
  1930 | D:3      | Reached skill level 6 in Polearms
  1990 | D:3      | Found a faded altar of an unknown god.
  1993 | D:3      | Reached skill level 1 in Armour
  2746 | D:3      | Reached XP level 5. HP: 18/41 MP: 5/5
  2883 | D:4      | Found a shadowy altar of Dithmenos.
  2904 | D:4      | Found a blossoming altar of Fedhas.
  2904 | D:4      | Found a sparkling altar of Nemelex Xobeh.
  2914 | D:4      | Reached skill level 7 in Polearms
  2949 | D:4      | Found a sand-covered staircase.
  2955 | Ossuary  | Entered an ossuary
  3088 | Ossuary  | Reached XP level 6. HP: 47/47 MP: 6/6
  3337 | Ossuary  | Reached skill level 8 in Polearms
  3395 | Ossuary  | Reached XP level 7. HP: 38/52 MP: 7/7
  3938 | D:5      | Entered Level 5 of the Dungeon
  4221 | D:5      | Reached skill level 9 in Polearms
  4432 | D:5      | Reached skill level 1 in Shields
  4529 | D:5      | Reached XP level 8. HP: 38/60 MP: 8/8
  4996 | D:5      | Reached skill level 10 in Polearms
  5005 | D:5      | Noticed Blork the orc
  5015 | D:5      | Killed Blork the orc
  5036 | D:5      | Found a staircase to the Ecumenical Temple.
  5053 | Temple   | Entered the Ecumenical Temple
  5161 | Temple   | Became a worshipper of Hepliaklqana the Forgotten
  5193 | D:5      | Found a shattered altar of Ashenzari.
  5197 | D:5      | Found Zigown's Assorted Antiques.
  5198 | D:5      | You fall into a shaft and drop 1 floor!
  5890 | D:6      | Reached skill level 5 in Armour
  5914 | D:6      | Reached skill level 5 in Fighting
  6179 | D:6      | Reached XP level 9. HP: 52/61 MP: 9/9
  6255 | D:6      | Got a pair of warped boots
  6261 | D:6      | Identified the cursed +0 pair of boots of Hadjma {Str+3}
                  | (You found it on level 6 of the Dungeon)
  6566 | D:6      | Reached skill level 11 in Polearms
  6935 | D:7      | Found a runed translucent door.
  6936 | D:7      | Noticed Crazy Yiuf
  7018 | D:7      | Found Zin's Purification Station.
  7019 | D:7      | Found a glowing silver altar of Zin.
  7062 | D:7      | Reached * piety under Hepliaklqana
  7599 | D:7      | Killed Crazy Yiuf
  7892 | D:8      | Found a sacrificial altar of Ru.
  8136 | D:8      | Noticed Erica
  8161 | D:8      | Killed Erica
  8614 | D:8      | Reached XP level 10. HP: 69/69 MP: 10/10
  8624 | D:8      | Reached skill level 12 in Polearms
  8910 | D:8      | Reached ** piety under Hepliaklqana
  8911 | D:8      | Remembered your ancestor Tertia as a hexer
  9257 | D:9      | Found a staircase to the Orcish Mines.
  9332 | D:9      | Got a slimy jade amulet
  9333 | D:9      | Identified the amulet of Trepidation {Harm *Drain rC++
                  | Dex+2} (You found it on level 9 of the Dungeon)
  9704 | D:9      | Found a glowing golden altar of the Shining One.
  9931 | D:9      | Found a basalt altar of Yredelemnul.
 10156 | D:9      | Found Agephat's Armour Boutique.
 10159 | D:9      | Bought a +0 helmet of intelligence for 161 gold pieces
 10167 | D:10     | Entered Level 10 of the Dungeon
 10196 | D:10     | Reached *** piety under Hepliaklqana
 10682 | D:10     | Reached skill level 13 in Polearms
 11198 | D:10     | Reached XP level 11. HP: 75/75 MP: 11/11
 11725 | D:11     | Noticed a two-headed ogre
 11739 | D:11     | Killed a two-headed ogre
 11749 | D:11     | Found Miuklill's Weapon Shop.
 12053 | D:11     | Noticed Fannar
 12095 | D:11     | Killed Fannar
 12115 | D:11     | Reached **** piety under Hepliaklqana
 12343 | D:11     | Reached skill level 14 in Polearms
 12613 | D:11     | Found a staircase to the Lair.
 13019 | D:12     | Found Atonujin's Weapon Shop.
 13061 | D:12     | Noticed a two-headed ogre
 13065 | D:12     | Noticed a cyclops
 13075 | D:12     | Killed a two-headed ogre
 13075 | D:12     | Reached skill level 5 in Shields
 13096 | D:12     | Killed a cyclops
 13125 | D:12     | Reached XP level 12. HP: 56/85 MP: 12/12
 13555 | D:12     | Reached skill level 10 in Armour
 13586 | D:12     | Noticed a two-headed ogre
 13598 | D:12     | Killed a two-headed ogre
 14668 | D:13     | Noticed a two-headed ogre
 14681 | D:13     | Killed a two-headed ogre
 14716 | D:13     | Noticed Kirke
 15110 | D:13     | Found a gate to the Vaults.
 15110 | D:13     | Noticed a vault guard
 15110 | D:13     | Noticed a vault guard
 15110 | D:13     | Noticed a vault guard
 15110 | D:13     | Noticed a catoblepas
 15110 | D:13     | Noticed a vault guard
 15110 | D:13     | Noticed a centaur warrior
 15118 | D:13     | Reached skill level 10 in Fighting
 15126 | D:13     | Killed a centaur warrior
 15470 | D:12     | Killed a vault guard
 15681 | D:13     | Killed Kirke
 15757 | D:12     | Killed a vault guard
 15757 | D:12     | Reached XP level 13. HP: 93/93 MP: 13/13
 15989 | D:13     | Killed a vault guard
 16079 | D:13     | Killed a vault guard
 16528 | D:14     | Reached ***** piety under Hepliaklqana
 17207 | D:13     | Found a shimmering altar of Xom.
 17253 | D:14     | Reached skill level 1 in Invocations
 17463 | D:15     | Entered Level 15 of the Dungeon
 17464 | D:15     | Noticed Xiestris's ghost (journeyman DsGl)
 17468 | D:15     | Found a runed translucent gate.
 17468 | D:15     | Found a runed translucent gate.
 17468 | D:15     | Found a runed translucent gate.
 17469 | D:15     | Noticed an ettin
 18101 | D:15     | Noticed an ettin
 18529 | D:14     | Killed an ettin
 18616 | D:15     | Reached XP level 14. HP: 101/101 MP: 16/16
 18795 | D:15     | Reached skill level 5 in Throwing
 18872 | D:15     | Found Inieb's Magic Scroll Shop.
 19491 | D:15     | Found a staircase to the Depths.
 19734 | D:15     | Found Rizorosa's Jewellery Shoppe.
 19744 | D:15     | Reached skill level 10 in Shields
 19927 | D:15     | Found Zonoef's Distillery.
 20033 | D:15     | Found Zijua's Armour Emporium.
 20285 | D:15     | Reached skill level 15 in Polearms
 20508 | D:15     | Got a blackened cloak
 20519 | D:15     | Identified the +2 cloak "Qiffea" {Regen+ Int+2 Dex+2} (You
                  | found it on level 15 of the Dungeon)
 20624 | Orc:1    | Entered Level 1 of the Orcish Mines
 20624 | Orc:1    | Noticed a stone giant
 20732 | D:9      | Killed a stone giant
 20732 | D:9      | Reached skill level 5 in Invocations
 21591 | Orc:1    | Found a roughly hewn altar of Beogh.
 21681 | Orc:2    | Entered Level 2 of the Orcish Mines
 22003 | Orc:2    | Found a staircase to the Elven Halls.
 22053 | D:9      | Bought +1 gold dragon scales for 1218 gold pieces
 22214 | Orc:2    | Noticed Nessos
 22216 | Orc:2    | Noticed Nessos
 22216 | Orc:2    | Nessos changed into Nessos the wind drake
 22224 | Orc:2    | Killed Nessos the wind drake
 22434 | Orc:2    | Noticed a stone giant
 22460 | Orc:1    | Killed a stone giant
 22888 | Orc:2    | Reached XP level 15. HP: 94/108 MP: 18/18
 23059 | Orc:2    | Noticed Sonja
 23061 | Orc:2    | Noticed Sonja
 23061 | Orc:2    | Sonja changed into Sonja the blink frog
 23076 | Orc:2    | Killed Sonja the blink frog
 23341 | Orc:2    | Found Epnoet's Distillery.
 23361 | Orc:2    | Found an ancient bone altar of Kikubaaqudgha.
 23366 | Orc:2    | Noticed Nergalle
 23391 | Orc:2    | Killed Nergalle
 23460 | Orc:2    | Found Comum's Book Shop.
 23475 | Orc:2    | Noticed Erolcha
 23490 | Orc:2    | Killed Erolcha
 23499 | Orc:2    | Found a radiant altar of Vehumet.
 23751 | Lair:1   | Entered Level 1 of the Lair of Beasts
 25301 | Lair:3   | Reached ****** piety under Hepliaklqana
 25974 | Lair:4   | Reached skill level 16 in Polearms
 25995 | Lair:4   | Found a staircase to the Snake Pit.
 26144 | Lair:4   | Found a staircase to the Shoals.
 27391 | Lair:6   | Entered Level 6 of the Lair of Beasts
 27413 | Lair:6   | Reached XP level 16. HP: 117/117 MP: 19/19
 28071 | Lair:6   | Identified a scroll of acquirement
 28072 | Lair:6   | Found the +15 Maxwell's patent armour {-Cast -Tele rElec
                  | MR+ rCorr}
 28136 | Lair:6   | Found a staircase to the Slime Pits.
 29109 | Orc:2    | Reached skill level 17 in Polearms
 29135 | Orc:2    | Found a roughly hewn altar of Beogh.
 29135 | Orc:2    | Found Qanaz's Magic Scroll Shop.
 29143 | Orc:2    | Found Mokliafe's Antique Weapon Boutique.
 29418 | Snake:1  | Entered Level 1 of the Snake Pit
 30192 | Snake:1  | Identified the +8 ring mail of Starshine {Regen+ Int-3
                  | Dex+3 Slay+3} (You found it on level 1 of the Snake Pit)
 30504 | Snake:2  | Noticed a nagaraja
 30567 | Snake:1  | Killed a nagaraja
 30613 | Snake:2  | Noticed Zainuiha's ghost (adept MiFi)
 31032 | Snake:2  | Reached XP level 17. HP: 92/125 MP: 20/20
 31093 | Snake:2  | Found a transporter.
 31096 | Snake:2  | Found a transporter.
 31196 | Snake:2  | Found Zorim's Gadget Shoppe.
 31197 | Snake:2  | Found Weosy's Jewellery Shop.
 31198 | Snake:2  | Found Zamiann's Gadget Shoppe.
 31206 | Snake:2  | Bought the amulet of Efapuott {Reflect Dex+3 SH+3} for 522
                  | gold pieces
 32012 | Snake:3  | Noticed Aizul
 32036 | Snake:3  | HP: 3/189 [shock serpent/electric aura (9)]
 32036 | Snake:3  | Killed from afar by Aizul

Levels and vault maps discovered:
D:1:      psy_arrival_conway, layout_loops_cross
D:2:      layout_basic, serial_bayou_pond_b, minmay_misc_feat_enclosed
D:3:      layout_basic, chequers_ecumenical_altar_simple, serial_rivers,
          chequers_serial_rivers_small_b, chequers_serial_rivers_large_b,
          chequers_serial_rivers_small_a, chequers_serial_rivers_large_a
D:4:      layout_rooms, grunt_temple_overflow_open,
          nicolae_overflow_hidden_temple, enter_ossuary_3, first_ration,
          minmay_rat_hole
D:5:      layout_basic, cheibrodos_ashenzari_chains,
          minmay_temple_entry_statues_pillars, st_stairs_5,
          kennysheep_windowed_goal, uniq_blork_the_orc
D:6:      layout_cave_pools, chequers_jeans
D:7:      layout_loops_ring, zin_purify, uniq_crazy_yiuf_cottage
D:8:      layout_basic, nicolae_ru_awakened_eye, hangedman_ranch
          [blue_anna_fruit_fields], minmay_misc_feat_x, uniq_erica
D:9:      layout_layer_cave, grunt_temple_overflow_holy_war, orc_0_dummy,
          serial_shops, kennysheep_mini
D:10:     layout_rooms, minmay_misc_feat_roman, kennysheep_generic_room_16
D:11:     layout_irregular_city, grunt_lair_entry_orc_guard_hut, serial_shops,
          nicolae_shop_statue_plus, minmay_misc_feat_diagonals, uniq_fannar
D:12:     layout_irregular_city, serial_shops, kennysheep_little_box
D:13:     layout_basic, lightli_vaults_fourway_checkpoint, lemuel_oklob_altar,
          uniq_kirke
D:14:     layout_gridville, nicolae_lava_and_water
D:15:     hangedman_depths_entry_civil_slaughter, layout_irregular_city,
          serial_shops, shop, nicolae_shop_trees, nicolae_shop_trees,
          shop_fountains, small_statue_intersection, gammafunk_ghost_split
Temple:   dshaligram_water_room_temple
Lair:1:   layout_regular_city
Lair:2:   layout_misc_corridors, nicolae_quartered_pool_super
Lair:3:   layout_big_grid, beast_lair_carwin_10, lemuel_fruit_tree
Lair:4:   layout_gridlike, minmay_shoals_entry_centaurs,
          minmay_snake_entry_guardpost_large, chequers_serial_rivers_room_a,
          serial_bayou_pond_a, serial_bayou_ford_a, infiniplex_staircase_pool,
          lemuel_fruit_fields, serial_bayou_shore_b
Lair:5:   beast_lair_carwin_large_1, layout_loops_ring
Lair:6:   hangedman_lair_tendril_chambers, layout_cave_pods,
          nicolae_slime_entry_slimehenge
Snake:1:  layout_misc_corridors
Snake:2:  layout_onion_interference, gammafunk_ghost_arena,
          hangedman_snake_corridor_cut, minmay_shop_grove
Snake:3:  nicolae_cobra_stairs, layout_onion, uniq_aizul, uniq_asterion
Orc:1:    layout_caves, minmay_orc_temple_a
Orc:2:    kennysheep_orc_mage_school, layout_diamond_mine, uniq_nessos,
          uniq_sonja

Skill      XL: |  1  2  3  4  5  6  7  8  9 10 11 12 13 14 15 16 17 |
---------------+----------------------------------------------------+-----
Polearms       | 5 6 7 8 9 10 11 13 14 15 16 17 | 17.8
Armour         | 1 2 3 5 6 8 9 11 12 13 14 | 14.0
Fighting       | 3 4 5 6 7 9 10 11 12 13 14 | 14.4
Shields        | 1 3 4 5 7 9 10 12 13 14 | 14.1
Throwing       | 3 4 6 |  6.6
Invocations    | 3 5 |  5.1
Dodging        | |  4.0
Evocations     | |  0.9

Action                   |  1- 3 |  4- 6 |  7- 9 | 10-12 | 13-15 | 16-18 || total
-------------------------+-------+-------+-------+-------+-------+-------++-------
Melee: Trident           |   108 |    36 |    18 |    19 |    26 |       ||   207
       Spear             |       |   245 |   459 |   744 |  1498 |       ||  2946
       Demon trident     |       |       |       |       |     9 |   539 ||   548
       Tailslap          |       |       |       |       |     1 |       ||     1
Throw: Boomerang         |       |       |     6 |     3 |    37 |     6 ||    52
       Dart              |       |       |       |    10 |    25 |       ||    35
       Javelin           |       |       |       |     3 |    14 |       ||    17
Invok: Recall Ancestor   |       |       |       |     4 |     9 |     2 ||    15
       Ancestor Life: He |       |       |       |     1 |       |       ||     1
Evoke: Wand              |       |       |       |       |     5 |       ||     5
  Use: Scroll            |       |     6 |     5 |    17 |     4 |     7 ||    39
       Potion            |       |       |       |       |       |     2 ||     2
 Stab: Sleeping          |     1 |       |       |       |       |       ||     1
       Distracted        |       |       |     4 |     7 |    12 |     4 ||    27
       Confused          |       |       |       |     4 |    20 |     2 ||    26
       Paralysed         |       |       |       |       |    28 |    11 ||    39
  Eat: Chunk             |     2 |     5 |    16 |    23 |    38 |    12 ||    96
       Ration            |       |       |       |     1 |       |     1 ||     2
Armor: Leather armour    |     5 |       |       |       |       |       ||     5
       Ring mail         |    12 |    42 |    66 |    31 |       |    13 ||   164
       Chain mail        |       |       |       |   111 |   153 |       ||   264
       Gold dragon scale |       |       |       |       |   124 |   145 ||   269
       Plate armour      |       |       |       |       |       |    17 ||    17
Dodge: Dodged            |    35 |    75 |   112 |   115 |    98 |    47 ||   482
Block: Buckler           |       |    19 |    46 |    37 |       |       ||   102
       Large shield      |       |       |       |   128 |   610 |   321 ||  1059
       Reflection        |       |       |       |       |       |     7 ||     7
